 Dungeon Crawl Stone Soup version 0.32-a0-893-gf85d74f360 (webtiles) character file.

Game seed: 13415576089234660661

351 ezpacito the Trooper (level 6, -2/48 HPs)
             Began as a Coglin Chaos Knight on Apr 3, 2024.
             Was a Plaything of Xom.
             Slain by Crazy Yiuf
             ... wielding a +4 quarterstaff of chaos
              (6 damage)
             ... on level 3 of the Dungeon.
             The game lasted 00:03:03 (2365 turns).

ezpacito the Trooper (Coglin Chaos Knight)          Turns: 2365, Time: 00:03:03

Health: -2/48      AC: 12    Str: 14    XL:     6   Next: 61%
Magic:  7/7        EV:  6    Int: 12    God:    Xom [..*...]
Gold:   80         SH:  0    Dex: 13    Spells: 7/7 levels left

rFire   . . .        a - +0 hand axe (chaos) {Jacinta}
rCold   . . .        j - +0 spear {Suthep}
rNeg    . . .        h - +0 chain mail
rPois   .            c - +0 helmet
rElec   .            e - +0 cloak
rCorr   .            (no gloves)
SInv    .            p - +0 pair of boots
Will    .....        (amulet unavailable) Stlth
                     (ring unavailable)
HPRegen 0.28/turn    (ring unavailable)
MPRegen 0.10/turn    (no gizmo)

%: no passive effects
@: confused, lethally poisoned (-2 -> -17), ambrosia-drunk, revving
A: off-hand wielding, slow wielding, warmup strikes, no jewellery
a: Invent Gizmo, Renounce Religion


You were on level 3 of the Dungeon.
You worshipped Xom.
You were a toy of Xom.
You visited 1 branch of the dungeon, and saw 3 of its levels.

You collected 126 gold pieces.
You spent 46 gold pieces at shops.

Inventory:

Hand Weapons
 a - a +0 hand axe of chaos (weapon) {Jacinta}
 j - a +0 spear (offhand) {Suthep}
 q - a +0 war axe
Missiles
 r - 8 poisoned darts (quivered)
Armour
 c - a +0 helmet (worn)
 e - a +0 cloak (worn)
 h - a +0 chain mail (worn)
 p - a +0 pair of boots (worn)
Wands
 l - a wand of flame (24)
Scrolls
 g - a scroll of fear
 k - a scroll of summoning {unknown}
 t - 2 scrolls of teleportation
Potions
 b - a potion of brilliance {unknown}
 d - 2 potions of enlightenment {unknown}
 f - a potion of heal wounds {unknown}
 m - a potion of haste {unknown}
 n - 2 potions of curing {unknown}
 o - a potion of lignification {unknown}


   Skills:
 * Level 4.0 Fighting
 * Level 3.9(4.2) Axes
 * Level 2.0(3.0) Polearms
 * Level 2.9 Armour
 * Level 2.4 Dodging
 + Level 1.1 Stealth
 + Level 1.0 Spellcasting
 + Level 1.3 Evocations


You had 7 spell levels left.
You didn't know any spells.
Your spell library contained the following spells:

 Spells                   Type           Power      Damage    Failure   Level
 Static Discharge         Conj/Air       0%         3-3/arc   100%        2
 Airstrike                Air            0%         2d(0-16)  100%        4
 Summon Lightning Spire   Summ/Air       0%         N/A       100%        4


Dungeon Overview and Level Annotations

Branches:
Dungeon (3/15)

Altars:
Ru

Shops:
D:3 (

Annotations:
D:3 Crazy Yiuf


Innate Abilities, Weirdness & Mutations

You can wield a second weapon in your off-hand.
It takes a long time for you to wield or remove held weapons.
Your first few attacks do less damage.
You cannot equip rings or amulets.


Message History

You take 2 damage, and have 46/48 hp.
You hit Crazy Yiuf but do no damage.
You barely miss Crazy Yiuf with your +0 spear.
You feel very sick.
Crazy Yiuf hits you with a +4 quarterstaff of chaos.
You are more poisoned.
You take 8 damage, and have 38/48 hp.
You hit Crazy Yiuf with your +0 spear.
Crazy Yiuf is moderately wounded.
You hit Crazy Yiuf but do no damage. You drain Crazy Yiuf.
You feel very sick.
Crazy Yiuf hits you with a +4 quarterstaff of chaos.
You are lethally poisoned!
You take 11 damage, and have 27/48 hp.
MASSIVE DAMAGE!!
You are confused.
You feel invigorated.
You feel extremely sick.
Crazy Yiuf hits you with a +4 quarterstaff of chaos.
You take 6 damage, and have 21/48 hp.
You are more confused.
You feel more invigorated.
You feel very sick.
Crazy Yiuf hits you with a +4 quarterstaff of chaos!
* * * LOW HITPOINT WARNING * * *
Crazy Yiuf freezes you.
* * * LOW HITPOINT WARNING * * *
You take 16 damage, and have 5/48 hp.
MASSIVE DAMAGE!!
You barely miss Crazy Yiuf with your +0 hand axe of chaos.
Crazy Yiuf is moderately wounded.
You hit Crazy Yiuf but do no damage.
* * * LOW HITPOINT WARNING * * *
You feel very sick. Crazy Yiuf hits you but does no damage.
You are more poisoned.
You bump into the stone wall.
* * * LOW HITPOINT WARNING * * *
You feel very sick.
Crazy Yiuf hits you with a +4 quarterstaff of chaos.
You die...
Xom chortles!

.# .# .### ...#
##### ...# #..)#
..)# #...# #### ...
#g# #### ♣♣@♣ ...#
♣.♣♣ ##.# ♣♣.♣ .#.#
♣.♣♣ .#.# ♣♣.♣♣
.#.# ♣.P.♣♣ .#.#
♣.PPP♣ .#.# #....#
.#.###########....#


You could see Crazy Yiuf (very drained).

Vanquished Creatures
  Sigmund (D:3)
  Jessica (D:2)
  Robin (D:2)
  9 adders
  2 ribbon worms (D:2)
  2 dart slugs (D:1)
  An orc (D:3)
  5 bats
  5 endoplasms
  5 giant cockroaches
  14 goblins
  8 hobgoblins
  7 ball pythons
  3 frilled lizards
  2 kobolds
  6 rats
72 creatures vanquished.

Notes
Turn   | Place    | Note
-------+----------+-------------------------------------------
     0 | D:1      | ezpacito the Coglin Chaos Knight began the quest for the
                  | Orb.
     0 | D:1      | Reached XP level 1. HP: 18/18 MP: 1/1
    54 | D:1      | Reached skill level 1 in Dodging
    97 | D:1      | Reached XP level 2. HP: 21/24 MP: 2/2
   513 | D:1      | XOM: divination: detect items
   539 | D:1      | XOM: silly message
   652 | D:1      | XOM: silly message
   806 | D:1      | XOM is BORED!
   806 | D:1      | XOM: noise
   892 | D:2      | XOM: potion effect (berserk rage)
   906 | D:2      | XOM: butterfly on damage
   921 | D:2      | Reached XP level 3. HP: 19/29 MP: 3/3
  1057 | D:2      | Noticed Jessica
  1066 | D:2      | Killed Jessica
  1067 | D:2      | Reached skill level 1 in Polearms
  1067 | D:2      | Reached XP level 4. HP: 35/35 MP: 4/4
  1137 | D:2      | Noticed Robin
  1150 | D:2      | XOM: potion effect (might)
  1166 | D:2      | XOM: potion effect (brilliance)
  1170 | D:2      | Killed Robin
  1177 | D:2      | Reached XP level 5. HP: 27/41 MP: 5/5
  1561 | D:2      | XOM: divination: detect items
  1629 | D:2      | XOM: noise
  1730 | D:3      | XOM: scenery: 1 doors open
  1789 | D:3      | Found a sacrificial altar of Ru.
  1813 | D:3      | Found Baorrip's Weapon Emporium.
  1822 | D:3      | Bought 6 poisoned darts for 46 gold pieces
  1855 | D:3      | Noticed Sigmund
  1864 | D:3      | XOM: divination: detect creatures
  1868 | D:3      | Killed Sigmund
  1869 | D:3      | Reached skill level 4 in Fighting
  1869 | D:3      | Reached skill level 1 in Stealth
  1869 | D:3      | Reached skill level 1 in Spellcasting
  1869 | D:3      | Reached skill level 1 in Evocations
  1869 | D:3      | Reached XP level 6. HP: 38/48 MP: 7/7
  2082 | D:3      | Found a runed translucent door.
  2083 | D:3      | Noticed Crazy Yiuf
  2365 | D:3      | Slain by Crazy Yiuf

Illustrated notes

Levels and vault maps discovered:
D:1:      heliophobic_arrival_henge, layout_loops_corners,
          roderic_serpentine_path
D:2:      minmay_chambers_of_ones, layout_basic, minmay_tetromino_l2,
          uniq_robin, uniq_jessica
D:3:      layout_basic, mainiacjoe_overflow_alcove_1, serial_shops, shop,
          uniq_sigmund, uniq_crazy_yiuf_cottage

Skill      XL: |  1  2  3  4  5 |
---------------+----------------+-----
Dodging        | 1 2 |  2.4
Armour         | 2 |  2.9
Polearms       | 1 2 |  2.0
Fighting       | 4 |  4.0
Stealth        | 1 |  1.1
Spellcasting   | 1 |  1.0
Evocations     | 1 |  1.3
Axes           | |  3.9

Action                     |  1- 3 |  4- 6 || total
---------------------------+-------+-------++-------
  Melee: Hand axe          |    48 |    78 ||   126
         Dagger            |    14 |       ||    14
         Spear             |    36 |    93 ||   129
  Throw: Dart              |       |     3 ||     3
    Use: Scroll            |       |     4 ||     4
         Potion            |       |     2 ||     2
   Stab: Confused          |       |     1 ||     1
 Armour: Leather armour    |     4 |       ||     4
         Chain mail        |    30 |    79 ||   109
  Dodge: Dodged            |    27 |    30 ||    57

Table legend: (Time is in decaauts)
 A = Elapsed time spent in this place.
 B = Non-inter-level travel time spent in this place.
 C = Inter-level travel time spent in this place.
 D = Time resting spent in this place.
 E = Time spent auto-exploring this place.
 F = Levels seen in this place.
 G = Mean time per level.
                   A        B        C        D        E       F      G
               +--------+--------+--------+--------+--------+-----+--------+
         Total |   2383 |   2255 |    128 |      0 |   1838 |   3 |  794.3 |
       Dungeon |   2383 |   2255 |    128 |      0 |   1838 |   3 |  794.3 |
               +--------+--------+--------+--------+--------+-----+--------+

Top non-repeatable levels by time:
     D:1: 887 daAuts
     D:2: 799 daAuts
     D:3: 695 daAuts
